 Dungeon Crawl Stone Soup version 0.28.0-53-g5a82cb258f (webtiles) character file.

Game seed: 16046710136495840640

5654 buhh the Transmogrifier (level 10, -2/86 HPs)
             Began as an Octopode Transmuter on June 18, 2022.
             Was a Believer of Cheibriados.
             Slain by a polar bear (20 damage)
             ... on level 1 of the Lair of Beasts.
             The game lasted 00:47:58 (12993 turns).

buhh the Transmogrifier (Octopode Transmuter)      Turns: 12993, Time: 00:47:59

Health: -2/86      AC:  9    Str: 13    XL:     10   Next: 74%
Magic:  11/14      EV: 10    Int: 23    God:    Cheibriados [**....]
Gold:   509        SH:  5    Dex: 18    Spells: 3/13 levels left

rFire   x . .      SeeInvis .     - Unarmed
rCold   + + +      Faith    .   (shield currently unavailable)
rNeg    . . .      Spirit   .   (helmet currently unavailable)
rPois   +          Reflect  +   h - amulet of reflection
rElec   .          Harm     .   (no ring)
rCorr   .          Rampage  .   (no ring)
Will    .....                   (no ring)
Stlth   ++........              (no ring)
HPRegen 0.24/turn               (no ring)
MPRegen 0.14/turn               (no ring)
                                (no ring)
                                (no ring)

@: ice-form, very slow
A: freezing attack, boosted hp, almost no armour, amphibious, 8 rings, large,
(camouflage 1), (gelatinous body 1), (nimble swimmer 1), (tentacles), MP-powered
wands
a: End Transformation, Renounce Religion, Bend Time


You were on level 1 of the Lair of Beasts.
You worshipped Cheibriados.
Cheibriados was pleased with you.
You were a creature of crystalline ice.
You visited 3 branches of the dungeon, and saw 12 of its levels.

You collected 509 gold pieces.

Inventory:

Missiles
 b - 38 poisoned darts
 q - a curare-tipped dart
 r - 3 atropa-tipped darts
 G - 5 javelins
Armour
 a - the +2 buckler of Paoryo (melded) {Str+3}
   (You acquired it on level 4 of the Dungeon)

   Str:       It affects your strength (+3).
Magical Staves
 e - a staff of death
 w - a staff of earth
Jewellery
 h - an amulet of reflection (around neck)
 p - an amulet of regeneration
 s - an amulet of faith {!P}
Wands
 f - a wand of flame (35)
Scrolls
 c - a scroll of torment {unknown}
 d - a scroll of magic mapping {unknown}
 i - a scroll of brand weapon {unknown}
 j - a scroll of noise {unknown}
 m - a scroll of holy word {unknown}
 n - 2 scrolls of fog {unknown}
 o - a scroll of enchant weapon
 v - a scroll of vulnerability {unknown}
 y - 2 scrolls of blinking {unknown}
 T - 2 scrolls of immolation {!d}
Potions
 g - a potion of cancellation {unknown}
 k - a potion of degeneration
 l - 2 potions of lignification {!d}
 K - 5 potions of brilliance {!q!d}
 M - 2 potions of heal wounds {!q!d}
 N - 3 potions of curing {!q!d}
 U - a potion of mutation {!d}


   Skills:
 * Level 7.6 Fighting
 - Level 2.0 Throwing
 - Level 2.0 Dodging
 - Level 1.0 Stealth
 * Level 6.2 Unarmed Combat
 - Level 2.0 Spellcasting
 - Level 8.0 Transmutations
 - Level 8.0 Ice Magic
 * Level 5.9 Invocations


You had 3 spell levels left.
You knew the following spells:

 Your Spells              Type           Power      Damage    Failure   Level
a - Beastly Appendage     Tmut           78%        N/A       1%          1
b - Wereblood             Tmut           39%        N/A       1%          2
c - Spider Form           Tmut/Pois      20%        N/A       8%          3
d - Ice Form              Ice/Tmut       39%        N/A       4%          4

Your spell library contained the following spells:

 Spells                   Type           Power      Damage    Failure   Level
 Animate Skeleton         Necr           4%         N/A       13%         1
 Magic Dart               Conj           8%         1d3       13%         1
 Pain                     Necr           8%         1d4       13%         1
 Call Imp                 Summ           2%         N/A       19%         2
 Confusing Touch          Hex            2%         N/A       36%         3
 Mephitic Cloud           Conj/Pois/Air  2%         N/A       36%         3
 Vampiric Draining        Necr           2%         2d6       36%         3
 Yara's Violent Unravell  Hex/Tmut       10%        3d6       56%         5
 Enfeeble                 Hex            1%         N/A       100%        7


Dungeon Overview and Level Annotations

Branches:
Dungeon (10/15)            Temple (1/1) D:6            Lair (1/6) D:9
    Orc (0/2) D:9

Altars:
Ashenzari
Cheibriados
Dithmenos
Elyvilon
Fedhas
Gozag
Hepliaklqana
Kikubaaqudgha
Makhleb
Nemelex Xobeh
Okawaru
Qazlal
Ru
Sif Muna
Trog
Uskayaw
Vehumet
Wu Jian
Xom
Yredelemnul
Zin
The Shining One

Annotations:
D:4 Menkaure
D:6 Maggie
D:7 1 runed translucent door, exclusion: door, Crazy Yiuf
D:10 Erolcha, Harold, Sonja


Innate Abilities, Weirdness & Mutations

You are a creature of crystalline ice.
You have a powerful freezing melee attack.
Your maximum health is increased.
Your armour is entirely melded.
You are incapable of wielding weapons or throwing items.
You cannot wear most types of armour.
You are amphibious.
You can wear up to eight rings at the same time.
((Your skin changes colour to match your surroundings (Stealth+).))
((Your rubbery body absorbs attacks. (AC +1, EV +1)))
((You are camouflaged when in or above water. (Stealth+)))
((You have tentacles for arms and can constrict up to eight enemies at once.))
You expend magic power (3 MP) to strengthen your wands.


Message History

You see here a polar bear corpse.
As you read the scroll of teleportation {!d}, it crumbles to dust.
You feel strangely unstable.
Cornered, the polar bear turns to fight!
Your surroundings suddenly seem different.
You start resting.
Magic restored.
You start resting.
Your transformation is almost over.
A polar bear is nearby!
You warm up again.
The +2 buckler of Paoryo {Str+3} unmelds from your body.
The polar bear growls angrily.
Casting: Ice Form (dangerous; 6% risk of failure)
Press: ? - help, Q - select action, (/) - cycle Dir - look around, f - activate You turn into a creature of crystalline ice.
The +2 buckler of Paoryo {Str+3} melds into your body.
You punch the polar bear! You freeze the polar bear.
The polar bear is moderately wounded.
The polar bear bites you. The polar bear barely misses you.
You block the polar bear's attack.
You punch the polar bear! You freeze the polar bear.
The polar bear is severely wounded.
You block the polar bear's attack. The polar bear closely misses you.
The polar bear claws you.
You hit the polar bear. You freeze the polar bear.
The polar bear is almost dead.
The polar bear goes berserk!
You hit the polar bear.
The polar bear is almost dead.
The polar bear bites you!
* * * LOW HITPOINT WARNING * * *
You block the polar bear's attack.
The polar bear claws you but does no damage.
The polar bear bites you but does no damage.
The polar bear claws you but does no damage. x2
You hit the polar bear but do no damage.
The polar bear is almost dead.
The polar bear bites you!!
You die...

...#.P.#..##......###.##
######......h......# ##
# #######.#....###
##.......### #..##.....#
##.###..#### #.####..#
## #..##...##.#
#.###Y....#
####...h.....#
#............#
.##.......(...#
#............##
#............##
#..##.......##.# ...
#......#####
.............


You could see a polar bear (berserk).

Vanquished Creatures
  Pikel (D:6)
  A polar bear (Lair:1)
  A hornet (D:9)
  9 yaks
  A sky beast (D:8)
  3 black bears (Lair:1)
  3 orc warriors
  A necrophage (D:7)
  5 ogres
  2 centaurs
  A phantom (D:5)
  A lemure (D:6)
  A wolf (D:9)
  3 kobold brigands
  4 bullfrogs
  2 wyvern zombies (D:7)
  2 scorpions
  A water moccasin skeleton (D:5)
  4 howler monkeys (D:9)
  8 wights (D:8)
  An electric eel (D:8)
  2 centaur zombies
  7 hounds
  2 jellies (D:7)
  3 orc priests
  2 iguanas
  4 orc wizards
  A killer bee zombie (D:7)
  A centaur simulacrum (D:9)
  A hound skeleton (D:5)
  A howler monkey zombie (D:9)
  A howler monkey skeleton (D:5)
  6 adders
  A shadow imp (D:7)
  2 white imps
  A howler monkey simulacrum (D:9)
  2 ufetubi (D:9)
  A worm (D:4)
  A dart slug (D:5)
  27 orcs
  9 ball pythons
  4 bats
  6 endoplasms
  3 giant cockroaches
  3 goblins (D:1)
  9 hobgoblins
  19 kobolds
  2 quokkas
  3 frilled lizards
  26 rats
205 creatures vanquished.

Vanquished Creatures (others)
  An ugly thing (D:9)
  An endoplasm (shapeshifter) (D:9)
2 creatures vanquished.

Grand Total: 207 creatures vanquished

Notes
Turn   | Place    | Note
-------+----------+-------------------------------------------
     0 | D:1      | buhh the Octopode Transmuter began the quest for the Orb.
     0 | D:1      | Reached XP level 1. HP: 13/13 MP: 3/3
   158 | D:1      | Found a faded altar of an unknown god.
   277 | D:1      | Reached XP level 2. HP: 19/19 MP: 3/5
  1297 | D:1      | Reached XP level 3. HP: 22/25 MP: 4/6
  2429 | D:3      | Reached XP level 4. HP: 14/31 MP: 5/7
  3055 | D:3      | Learned a level 2 spell: Wereblood
  3323 | D:3      | Reached XP level 5. HP: 37/37 MP: 6/8
  3401 | D:4      | Found a broken altar of Ashenzari.
  3587 | D:4      | Noticed Menkaure
  4354 | D:4      | Reached XP level 6. HP: 26/45 MP: 7/9
  4581 | D:4      | Identified a scroll of acquirement
  4585 | D:4      | Acquired the +2 buckler of Paoryo {Str+3}
  4668 | D:5      | Entered Level 5 of the Dungeon
  4967 | D:5      | Reached XP level 7. HP: 47/50 MP: 10/10
  6696 | D:5      | Learned a level 3 spell: Spider Form
  6701 | D:5      | Learned a level 4 spell: Ice Form
  6708 | D:6      | Noticed Pikel
  6708 | D:6      | Noticed Maggie
  6754 | D:6      | Reached XP level 8. HP: 54/55 MP: 9/11
  7280 | D:7      | You fall into a shaft and drop 3 floors!
  7280 | D:10     | Entered Level 10 of the Dungeon
  7280 | D:10     | Noticed Erolcha
  7282 | D:10     | Noticed a hornet
  7286 | D:10     | Noticed Sonja
  7300 | D:9      | Found a staircase to the Lair.
  7306 | D:9      | Noticed a yak
  7317 | Lair:1   | Entered Level 1 of the Lair of Beasts
  7364 | Lair:1   | Noticed a cane toad
  7522 | Lair:1   | Noticed a komodo dragon
  7699 | D:9      | Noticed a yak
  7712 | D:9      | Noticed a yak
  7983 | D:9      | Noticed a yak
  8282 | D:7      | Reached XP level 9. HP: 61/61 MP: 10/12
  8754 | D:6      | Found a staircase to the Ecumenical Temple.
  8762 | Temple   | Entered the Ecumenical Temple
  8879 | Temple   | Became a worshipper of Cheibriados the Contemplative
  9092 | D:6      | Killed Pikel
  9483 | D:7      | Found a runed translucent door.
  9484 | D:7      | Noticed Crazy Yiuf
 10452 | D:8      | Gained mutation: You expend magic power (3 MP) to
                  | strengthen your wands. [potion of mutation]
 10677 | D:8      | Found a hide-covered altar of Uskayaw.
 10678 | D:8      | Found a hazy altar of Hepliaklqana.
 11441 | D:8      | Reached XP level 10. HP: 63/63 MP: 7/13
 11705 | D:9      | Reached * piety under Cheibriados
 12001 | D:9      | Noticed a cyclops
 12002 | D:9      | Noticed a boulder beetle
 12003 | D:9      | Noticed a white ugly thing
 12003 | D:9      | Noticed a two-headed ogre
 12003 | D:9      | Noticed a boulder beetle
 12004 | D:9      | Noticed a white ugly thing
 12004 | D:9      | Noticed a manticore
 12030 | D:9      | Found a staircase to the Orcish Mines.
 12320 | D:9      | Killed a white ugly thing
 12355 | D:9      | Noticed a steelbarb worm
 12548 | D:9      | Reached ** piety under Cheibriados
 12785 | D:10     | Noticed Harold
 12993 | Lair:1   | Slain by a polar bear

Illustrated notes

Levels and vault maps discovered:
D:1:      saegor_arrival_simple_b, layout_basic,
          dreamdust_ecumenical_altar_grove
D:2:      layout_loops_ring
D:3:      layout_rooms, minmay_rat_hole
D:4:      layout_loops_ring, ashenzari_conservatory_becter, minmay_door_square,
          minmay_fountain_box, uniq_menkaure
D:5:      layout_loops_corners, minmay_misc_feat_pillars
D:6:      layout_cave_pools, minmay_temple_entry_gardened_gates, uniq_pikel,
          uniq_maggie
D:7:      layout_loops_ring, kennysheep_generic_room_16, uniq_crazy_yiuf_cottage
D:8:      layout_basic, nicolae_overflow_squiral
D:9:      layout_rooms, lair_entry_dummy, david_orc_3, serial_ice, serial_ice_d,
          serial_ice_a, serial_ice_b, serial_ice_f, minivault_12
D:10:     layout_rooms, serial_shops,
          nicolae_shop_temple_entry_statues_fountains, worms_lemuel,
          uniq_erolcha, uniq_grum, uniq_sonja, uniq_harold
Temple:   mainiacjoe_temple_bowtie_tessellation
Lair:1:   beast_lair_carwin_large_2, layout_cave_shapes, minivault_27,
          minmay_stone_trees_large, lemuel_fruit_tree

Skill      XL: |  1  2  3  4  5  6  7  8  9 10 |
---------------+-------------------------------+-----
Stealth        | 1 |  1.0
Fighting       | 2 3 5 6 7 |  7.6
Throwing       | 2 |  2.0
Ice Magic      | 1 2 4 6 8 |  8.0
Transmutations | 3 5 7 8 |  8.0
Invocations    | 3 5 |  5.9
Unarmed Combat | 4 6 |  6.2
Dodging        | |  2.0
Spellcasting   | |  2.0

Action                   |  1- 3 |  4- 6 |  7- 9 | 10-12 || total
-------------------------+-------+-------+-------+-------++-------
Melee: Unarmed           |    89 |    95 |   271 |   118 ||   573
       Kick              |    30 |    31 |    35 |       ||    96
       Tentacles         |    18 |    23 |    22 |       ||    63
       Constrict         |    24 |    26 |    18 |     1 ||    69
       Punch             |     2 |     2 |     6 |     1 ||    11
Throw: Dart              |       |    16 |    23 |       ||    39
       Javelin           |       |       |     4 |       ||     4
 Cast: Beastly Appendage |    28 |    30 |    25 |       ||    83
       Wereblood         |       |     1 |     2 |     2 ||     5
       Ice Form          |       |       |    51 |    21 ||    72
       Spider Form       |       |       |     1 |       ||     1
Evoke: Wand              |       |     4 |     3 |       ||     7
  Use: Scroll            |       |     5 |    11 |     2 ||    18
       Potion            |       |       |     8 |       ||     8
 Stab: Sleeping          |     5 |     9 |     1 |       ||    15
Armor: Skin              |     8 |     5 |    58 |    66 ||   137
Dodge: Dodged            |    58 |    48 |   154 |    59 ||   319
Block: Buckler           |       |     1 |    40 |     5 ||    46
       Other             |       |       |     1 |    28 ||    29
       Reflection        |       |       |       |     2 ||     2
